Map: Kairos Junction LE

Players

HeroMarine - Winner!

  • Race: Terran Terran
  • League: Master
  • Spawn Location: 5:00

Lambo

  • Race: Zerg Zerg
  • League: Grandmaster
  • Spawn Location: 11:00

Event: 2019 WCS Winter Europe

VOD

Have the link to the VOD?

Description

Time

  • Played on: Feb. 15, 2019, 11:15 a.m.
  • Length: 15:53

All games in this series

Show
View Real Time Build Order
Export as new Build Order

HeroMarine Terran - Winner!

Build Orders: Hellion Opening, Reaper Expand 

Get SALT Encoding   

  12  0:00  SCV  
  13  0:13  SCV  
  14  0:17  Supply Depot  
  14  0:25  SCV  
  15  0:39  SCV  
  15  0:40  Barracks  
  16  0:43  Refinery  
  16  0:51  SCV  
  17  1:03  SCV  
  18  1:15  SCV  
  19  1:27  Reaper, Orbital Command  
  20  1:38  Command Center  
  20  1:48  Supply Depot  
  20  1:52  SCV  
  21  1:59  Marine  
  22  2:05  SCV  
  22  2:08  Factory  
  23  2:09  Refinery  
  23  2:17  SCV  
  23  2:20  Barracks Reactor  
  24  2:29  SCV  
  25  2:41  SCV  
  26  2:53  SCV, Orbital Command  
  26  2:54  Starport  
  27  3:00  Hellion x2  
  27  3:03  Barracks Tech Lab  
  27  3:05  SCV  
  32  3:17  SCV  
  32  3:18  SCV  
  34  3:21  Hellion  
  34  3:22  Hellion  
  34  3:24  Supply Depot  
  38  3:29  SCV  
  38  3:30  SCV  
  38  3:32  Viking  
  42  3:35  Marine  
  43  3:41  SCV  
  43  3:42  SCV  
  43  3:48  Hellion x2  
  49  3:51  Supply Depot  
  49  3:53  SCV  
  49  3:54  SCV  
  51  4:05  SCV  
  51  4:07  SCV  
  53  4:12  Raven  
  53  4:13  Hellion x2  
  59  4:18  Command Center  
  59  4:21  SCV x2  
  59  4:24  Supply Depot  
  61  4:33  SCV  
  62  4:40  Factory x2  
  63  4:45  SCV  
  63  4:46  Refinery, Supply Depot  
  63  4:47  Refinery  
  63  4:51  SCV  
  64  4:53  Hellion x2  
  64  4:57  SCV  
  69  5:03  SCV  
  70  5:09  SCV  
  67  5:14  Hellion  
  67  5:15  Hellion  
  67  5:16  SCV  
  70  5:22  SCV  
  70  5:28  SCV  
  67  5:34  SCV  
  67  5:35  Orbital Command  
  66  5:37  Armory  
  66  5:39  Factory Tech Lab  
  66  5:41  Factory  
  62  5:43  Factory  
  62  5:45  SCV  
  62  5:46  SCV  
  62  5:48  Hellion  
  62  5:49  Hellion  
  68  5:51  Mag-Field Accelerator  
  68  5:52  Cyclone  
  71  5:57  SCV  
  71  5:58  SCV  
  71  6:00  Starport Reactor  
  71  6:01  Cyclone  
  76  6:09  SCV  
  76  6:10  SCV, Hellion x2  
  83  6:15  Orbital Command  
  83  6:16  Engineering Bay  
  83  6:17  Supply Depot  
  82  6:19  Supply Depot  
  82  6:21  SCV  
  82  6:22  Infernal Pre-Igniter, SCV  
  87  6:25  Cyclone  
  87  6:27  Factory Reactor, Factory Tech Lab  
  87  6:31  Hellion x2  
  91  6:33  SCV  
  91  6:34  SCV  
  91  6:36  Terran Vehicle And Ship Armor Level 1  
  93  6:43  SCV  
  93  6:45  SCV, Refinery  
  93  6:46  SCV, Refinery  
  96  6:48  Supply Depot  
  96  6:49  Supply Depot  
  96  6:55  SCV  
  96  6:57  SCV  
  96  6:58  Cyclone x2  
  96  7:00  SCV  
  105  7:07  SCV  
  106  7:10  SCV  
  106  7:11  Supply Depot  
  106  7:12  SCV, Supply Depot  
  108  7:17  Cyclone  
  108  7:19  SCV  
  108  7:21  Command Center  
  108  7:22  SCV  
  113  7:25  SCV  
  113  7:29  Hellion x2  
  118  7:30  Hellion, Cyclone, Liberator x2  
  118  7:31  Hellion  
  125  7:40  Cyclone  
  124  7:49  Hellion  
  124  7:50  Hellion  
  136  7:51  Hellion  
  136  7:58  Hellion x2  
  140  8:06  Supply Depot  
  140  8:07  Cyclone, Supply Depot  
  140  8:10  Cyclone  
  140  8:12  Missile Turret, Cyclone  
  147  8:16  Missile Turret  
  147  8:18  Liberator x2  
  147  8:19  Hellion x3  
  147  8:26  Hellion  
  149  8:39  Cyclone  
  149  8:40  Hellion x2  
  162  8:46  Cyclone  
  162  8:47  Hellion, Cyclone  
  162  8:48  Hellion  
  172  9:01  Orbital Command  
  172  9:02  Hellion x2  
  173  9:09  Hellion  
  132  9:11  Cyclone  
  132  9:13  Hellion  
  119  9:19  Cyclone x2  
  119  9:23  Hellion x2  
  119  9:28  SCV  
  119  9:29  SCV  
  119  9:30  SCV  
  122  9:40  SCV  
  122  9:41  SCV  
  122  9:43  Cyclone  
  127  9:51  Cyclone x2  
  131  9:54  Hellion  
  131  9:55  Hellion  
  131  9:58  Orbital Command  
  134  10:00  SCV  
  134  10:01  SCV x2  
  137  10:12  SCV  
  137  10:13  SCV x2  
  138  10:15  Cyclone  
  136  10:23  Cyclone x2  
  136  10:25  SCV x3, Hellion x4  
  136  10:26  SCV  
  146  10:37  SCV  
  141  10:46  Hellion x3  
  141  10:47  Hellion, Cyclone  
  146  10:55  Cyclone x2  
  142  11:07  Hellion  
  140  11:14  Hellion x2  
  140  11:15  Hellion  
  136  11:19  Cyclone  
  136  11:23  Orbital Command  
  136  11:27  Cyclone x2  
  136  11:29  Hellion  
  133  11:35  Hellion x2  
  133  11:36  Hellion  
  135  11:50  Hellion  
  135  11:51  Cyclone  
  135  11:52  Orbital Command  
  134  11:59  Hellion, Cyclone x2  
  123  12:04  Hellion x2  
  123  12:11  Hellion  
  125  12:20  Hellion  
  127  12:23  Cyclone  
  127  12:25  Hellion x2  
  132  12:31  Cyclone x2  
  132  12:33  Hellion  
  132  12:35  Supply Depot  
  132  12:36  Supply Depot  
  135  12:41  SCV x4, Hellion, Liberator  
  138  12:46  Hellion, Supply Depot  
  138  12:50  Liberator  
  140  12:57  SCV x3, Hellion, Cyclone  
  140  12:58  SCV, Hellion  
  154  13:07  Cyclone x2  
  154  13:10  Hellion x2  
  158  13:14  Terran Vehicle And Ship Armor Level 2  
  158  13:16  Supply Depot  
  158  13:17  Supply Depot  
  158  13:19  Hellion  
  162  13:20  Hellion  
  162  13:21  SCV x2  
  164  13:37  SCV, Hellion x2, Cyclone  
  164  13:39  Cyclone x2  
  164  13:40  Hellion  
  180  13:47  Supply Depot  
  180  13:48  Hellion, Supply Depot  
  182  13:50  SCV x2  
  182  13:51  SCV x2  
  182  14:02  SCV  
  178  14:03  Hellion  
  178  14:04  Hellion x2  
  178  14:08  SCV x3  
  178  14:09  Cyclone  
  186  14:11  Cyclone x2  
  189  14:20  Hellion  
  188  14:27  Hellion  
  167  14:32  Hellion  
  167  14:36  Hellion  
  165  14:41  Cyclone  
  165  14:43  Cyclone x2  
  145  14:49  Refinery  
  145  14:50  Refinery  
  145  14:52  Hellion x2  
  149  14:58  Hellion x2  
  140  15:13  Hellion x2, Cyclone  
  140  15:16  Cyclone  
  140  15:17  SCV x2  
  140  15:18  SCV  
  140  15:20  Hellion x3  
  146  15:25  Orbital Command  
  138  15:29  SCV  
Show
View Real Time Build Order
Export as new Build Order

Lambo Zerg 

Build Orders: Hatch First, Swarm Host 

Get SALT Encoding   

  12  0:00  Drone  
  13  0:12  Overlord  
  13  0:17  Drone  
  14  0:31  Drone x2  
  16  0:48  Hatchery  
  15  0:51  Drone  
  15  0:55  Drone  
  17  0:58  Drone  
  18  1:10  Extractor  
  17  1:13  Spawning Pool  
  17  1:17  Drone  
  17  1:19  Drone  
  18  1:28  Drone  
  19  1:38  Drone  
  20  1:50  Drone  
  21  2:00  Queen x2  
  21  2:01  Zergling x4  
  27  2:13  Hatchery  
  26  2:18  Overlord  
  26  2:21  Drone  
  27  2:24  Drone  
  27  2:38  Queen  
  27  2:39  Drone  
  27  2:40  Drone  
  31  2:44  Metabolic Boost  
  31  2:49  Overlord  
  31  2:50  Drone  
  32  2:54  Drone  
  32  2:55  Drone  
  34  2:58  Drone  
  35  3:11  Drone x2  
  35  3:12  Drone x3  
  40  3:15  Queen  
  40  3:17  Drone  
  43  3:24  Queen  
  43  3:26  Overlord  
  45  3:32  Zergling x4  
  45  3:34  Drone  
  48  3:36  Zergling x2  
  48  3:37  Zergling x2  
  50  3:45  Queen  
  50  3:46  Overlord  
  52  3:49  Drone x2  
  52  3:50  Drone  
  52  3:51  Zergling x2  
  52  3:55  Drone x2  
  58  4:03  Overlord  
  58  4:04  Drone  
  58  4:05  Drone x2  
  58  4:07  Drone  
  58  4:08  Drone  
  63  4:12  Overlord  
  63  4:15  Baneling Nest  
  61  4:17  Queen  
  61  4:19  Drone  
  61  4:22  Spore Crawler, Drone  
  64  4:26  Spore Crawler  
  64  4:28  Spore Crawler  
  64  4:29  Zergling x2  
  63  4:31  Drone x2  
  63  4:34  Drone  
  66  4:39  Drone  
  66  4:41  Drone  
  66  4:44  Drone  
  69  4:46  Drone  
  69  4:47  Lair  
  69  4:48  Drone x2  
  69  4:50  Drone x2  
  69  4:51  Drone  
  69  4:52  Overlord  
  75  4:54  Drone  
  75  4:58  Extractor, Drone x3  
  78  5:00  Extractor  
  78  5:01  Zergling x4  
  80  5:11  Zergling x4  
  80  5:13  Drone  
  76  5:18  Drone x4  
  75  5:23  Drone x2  
  76  5:34  Drone  
  72  5:36  Drone  
  72  5:41  Drone x2  
  73  5:45  Overlord  
  73  5:47  Evolution Chamber  
  73  5:48  Evolution Chamber  
  73  5:49  Overlord  
  71  5:50  Drone x3  
  71  5:53  Overlord  
  71  5:54  Overlord  
  74  5:57  Extractor  
  74  5:58  Extractor  
  74  5:59  Hatchery, Overlord  
  74  6:00  Drone x3  
  74  6:05  Zergling x4  
  74  6:06  Roach Warren  
  74  6:10  Extractor, Drone x2  
  76  6:12  Zergling x2  
  76  6:13  Zergling x4  
  76  6:15  Zerg Missile Weapons Level 1  
  76  6:16  Drone  
  80  6:18  Drone x2  
  80  6:22  Drone x2  
  84  6:26  Drone x3  
  84  6:28  Drone  
  84  6:31  Drone  
  89  6:39  Drone  
  90  6:45  Infestation Pit, Overlord  
  90  6:46  Roach x2  
  90  6:47  Roach x4  
  101  6:49  Overlord  
  101  6:50  Glial Reconstitution  
  101  6:52  Overlord  
  101  6:53  Roach x2  
  105  6:56  Overlord  
  105  7:00  Zerg Ground Armor Level 1  
  105  7:04  Roach x2  
  105  7:05  Roach  
  105  7:07  Drone  
  112  7:11  Roach x3  
  112  7:15  Roach x2  
  122  7:21  Overlord  
  122  7:22  Overlord  
  122  7:24  Overlord  
  122  7:26  Overlord  
  122  7:27  Overlord  
  122  7:30  Overlord  
  122  7:37  Overlord  
  122  7:43  Overlord  
  120  7:47  Swarm Host x7  
  141  7:54  Swarm Host x3  
  150  8:00  Swarm Host x3  
  150  8:04  Swarm Host x2  
  165  8:09  Swarm Host x2  
  165  8:12  Drone x3  
  169  8:13  Drone  
  169  8:19  Drone x3  
  170  8:20  Drone  
  170  8:26  Swarm Host x2  
  170  8:27  Swarm Host  
  171  8:33  Roach x3  
  180  8:36  Roach  
  180  8:37  Ravager  
  180  8:39  Roach x2  
  185  8:42  Roach  
  187  8:49  Roach  
  187  8:50  Roach x3  
  187  8:52  Overlord  
  187  8:54  Overlord  
  195  8:58  Overlord  
  193  9:06  Roach x2  
  193  9:08  Roach  
  193  9:09  Roach  
  192  9:12  Roach x3  
  192  9:16  Roach x3  
  190  9:23  Roach x3  
  176  9:32  Ravager x4  
  176  9:33  Ravager  
  176  9:34  Roach, Zergling x6  
  186  9:44  Roach x2  
  188  9:48  Roach  
  187  9:53  Roach x3  
  187  9:55  Ravager x3  
  196  10:01  Roach  
  198  10:07  Hatchery  
  198  10:08  Overlord  
  198  10:09  Hatchery  
  198  10:11  Overlord  
  198  10:13  Roach x2  
  188  10:17  Roach  
  188  10:18  Roach x3  
  184  10:23  Roach  
  184  10:25  Infestor  
  188  10:29  Roach x4  
  188  10:35  Roach x2  
  198  10:45  Roach  
  188  10:53  Roach x6  
  188  10:55  Roach x3  
  189  11:05  Roach x6  
  189  11:11  Roach x2  
  191  11:19  Roach x2  
  184  11:26  Roach x2  
  171  11:34  Roach x4  
  174  11:43  Ravager x4  
  172  11:48  Roach x2  
  172  11:52  Roach x2  
  170  11:54  Roach  
  170  12:00  Roach x3  
  162  12:02  Roach  
  162  12:07  Roach x2  
  152  12:15  Infestor x2  
  156  12:26  Roach x5  
  161  12:34  Ravager x4  
  160  12:38  Roach x2  
  160  12:40  Drone x3  
  160  12:41  Drone  
  166  12:50  Pathogen Glands  
  170  12:51  Roach x2  
  170  12:57  Roach x2  
  174  13:02  Roach x2  
  182  13:05  Roach x2  
  176  13:19  Roach x6  
  188  13:30  Infestor  
  190  13:35  Roach  
  190  13:36  Roach x3, Extractor  
  190  13:37  Extractor  
  193  13:41  Overlord  
  193  13:45  Overlord  
  193  13:47  Roach x2  
  193  13:48  Roach  
  199  13:55  Roach x3  
  197  13:58  Roach  
  195  14:03  Roach x2  
  195  14:10  Roach  
  195  14:11  Roach  
  195  14:16  Drone x3  
  188  14:25  Roach x3  
  171  14:33  Roach x3  
  171  14:44  Roach x3  
  176  14:50  Infestor  
  176  14:54  Ravager  
  176  14:55  Ravager  
  176  14:56  Ravager  
  176  14:57  Ravager  
  180  15:02  Roach x2  
  168  15:10  Roach x2  
  157  15:16  Roach x2  
  147  15:21  Roach  
  147  15:22  Roach  
  153  15:28  Roach  
Tags
 
Add a new tag
Caveats
  • Supply blocks, unpowered buildings, or Contaminate may cause inaccurate times.
  • Supply counts are checked every 10 seconds.